 Dungeon Crawl Stone Soup version 0.20.1-1-g8b1a95d (webtiles) character file.

4461 mike2R the Destroyer (level 10, -5/58 HPs)
             Began as a Deep Elf Conjurer on June 30, 2017.
             Was a High Priest of Sif Muna.
             Slain by a killer bee (9 damage)
             ... on level 7 of the Dungeon on July 14, 2017.
             The game lasted 01:04:51 (10411 turns).

mike2R the Destroyer (Deep Elf Conjurer)           Turns: 10411, Time: 01:04:53

Health: -5/58      AC:  5    Str: 11    XL:     10   Next: 15%
Magic:  5/21       EV: 16    Int: 23    God:    Sif Muna [*****.]
Gold:   488        SH:  0    Dex: 15    Spells: 4/22 levels left

rFire    + . .     SeeInvis .   F - +4 dire flail (venom)
rCold    . . .     Gourm    .   (shield currently unavailable)
rNeg     . . .     Faith    .   i - +2 leather armour {rF+}
rPois    .         Spirit   .   (no helmet)
rElec    .         Reflect  .   (no cloak)
rCorr    .         Harm     .   (no gloves)
MR       +....                  (no boots)
Stlth    ++........             J - amulet of rage
Regen    0.2/turn               (no ring)
MPRegen  0.2/turn               (no ring)

@: mighty, lethally poisoned (-5 -> -22)
A: no striking features
a: Divine Energy, Channel Magic, Forget Spell, Renounce Religion, Evoke Berserk
Rage


You were on level 7 of the Dungeon.
You worshipped Sif Muna.
Sif Muna was extremely pleased with you.
You were very hungry.

You visited 1 branch of the dungeon, and saw 7 of its levels.
You also visited: Sewer and Bailey.

You collected 488 gold pieces.

Inventory:

Hand Weapons
 m - a +2 short sword
 F - a +4 dire flail of venom (weapon)
Missiles
 e - 7 tomahawks (quivered)
Armour
 a - a +0 robe
 i - a +2 leather armour of fire resistance (worn)
 z - a +2 ring mail of cold resistance
Jewellery
 j - an uncursed ring of see invisible {unknown}
 J - an amulet of rage (around neck)
Wands
 f - a wand of confusion (8/48)
 w - a wand of flame (21/48)
 x - a wand of lightning (6/15)
 D - a wand of acid (10/15)
Scrolls
 d - a scroll of amnesia
 g - 2 scrolls of teleportation
 h - a scroll of recharging
 n - 4 scrolls of remove curse
 r - 6 scrolls of identify
 u - 2 scrolls of fog
 E - a scroll of magic mapping
 I - a scroll of enchant armour
Potions
 l - 3 potions of haste
 o - 2 potions of might
 p - 5 potions of curing
 q - a potion of magic {unknown}
 t - a potion of mutation {unknown}
 v - 5 potions of brilliance
 C - 2 potions of flight {unknown}
 G - 3 potions of heal wounds {unknown}
Books
 b - a book of Conjurations

   Spells                             Type                      Level
   a - Magic Dart                     Conjuration                  1
   b - Searing Ray                    Conjuration                  2
   c - Dazzling Spray                 Conjuration/Hexes            3
   d - Fulminant Prism                Conjuration/Hexes            4
   e - Force Lance                    Conjuration/Translocation    4
   f - Iskenderun's Mystic Blast      Conjuration                  4
 k - a book of Callings

   Spells                             Type                      Level
   a - Summon Small Mammal            Summoning                    1
   b - Call Imp                       Summoning                    2
   c - Call Canine Familiar           Summoning                    3
   d - Summon Guardian Golem          Hexes/Summoning              3
   e - Summon Lightning Spire         Summoning/Air                4
   f - Summon Ice Beast               Ice/Summoning                4
Comestibles
 c - 4 bread rations
 A - 17 fruits
 H - a meat ration


   Skills:
 - Level 4.5 Fighting
 - Level 7.0 Dodging
 - Level 2.4 Stealth
 - Level 6.6 Spellcasting
 + Level 12.2 Conjurations
 - Level 5.0 Hexes
 - Level 2.4 Translocations


You had 4 spell levels left.
You knew the following spells:

 Your Spells              Type           Power        Failure   Level  Hunger
a - Magic Dart            Conj           ####         1%          1    None
b - Searing Ray           Conj           ######       1%          2    None
c - Dazzling Spray        Conj/Hex       #####.       1%          3    None
d - Iskenderun's Mystic   Conj           ######..     1%          4    ###....
e - Force Lance           Conj/Tloc      #####...     4%          4    ###....
f - Fulminant Prism       Conj/Hex       #####.....   3%          4    ###....


Dungeon Overview and Level Annotations

Branches:
Dungeon (7/15)             Temple (0/1) D:7

Altars:
Cheibriados
Hepliaklqana
Nemelex Xobeh
Okawaru
Sif Muna
Trog
Uskayaw
Vehumet
Xom
Zin

Annotations:
D:7 Oddysee's ghost, novice MiFi


Message History

The killer bee stings you.
* * * LOW HITPOINT WARNING * * *
You are poisoned.
The killer bee poisons you! The killer bee closely misses you.
You puncture the killer bee!
The killer bee is almost dead.
You feel sick. The killer bee barely misses you. The killer bee stings you.
* * * LOW HITPOINT WARNING * * *
You are lethally poisoned!
The killer bee poisons you!
The howler monkey hoots and howls with incredible vigour!
You hear a shout! x2
You closely miss the killer bee.
The killer bee is almost dead.
* * * LOW HITPOINT WARNING * * *
You feel sick. The killer bee stings you.
* * * LOW HITPOINT WARNING * * *
You are more poisoned.
The killer bee poisons you! The killer bee stings you!
You die...

*,,**,....*#.........,,,*,
*,,*,,.....#.........,,,**
*,.*,,.....#..#******,,,,*
*,..,,._......# *,,,,,
*,,#.,.....#..# *,***,
*,,#......,#..# *,* **
*,,**....,*#..# *,* *
*,.####.####..# *,* *
**.......@yh.## *,* *
*############ *,* **
*,***, *,,*,, **,,,* *****
*,,** **888** *,,*,
*8,,,8* *,,** *8,>,8*
*,,,,


You could see a howler monkey and a killer bee.

Vanquished Creatures
  Prince Ribbit (D:6)
  A hippogriff (D:7)
  Edmund (D:4)
  2 water moccasins (D:7)
  2 black bears (D:6)
  10 orc warriors
  A sky beast (D:7)
  A necrophage (D:6)
  A phantom (D:4)
  An ogre (D:4)
  2 centaurs (D:6)
  Blork the orc (D:3)
  6 bullfrogs
  A scorpion (D:6)
  4 killer bees (D:7)
  4 howler monkeys
  4 crimson imps
  A jelly (D:6)
  3 hounds
  An orc priest (D:6)
  A centaur skeleton (D:4)
  Ijyb (D:3)
  Natasha (thrice) (D:4)
  3 iguanas
  7 orc wizards
  9 worker ants
  A hound zombie (D:7)
  2 hound skeletons
  A worker ant zombie (D:3)
  4 gnolls
  11 adders
  A river rat (D:6)
  13 oozes
  2 adder zombies
  3 worms
  3 dart slugs
  9 leopard geckos
  28 orcs
  13 ball pythons
  13 giant cockroaches
  21 goblins
  17 hobgoblins
  A jackal (D:3)
  6 kobolds
  10 bats
  11 frilled lizards
  13 rats
255 creatures vanquished.

Vanquished Creatures (others)
  13 fulminant prisms
13 creatures vanquished.

Grand Total: 268 creatures vanquished

Notes
Turn   | Place    | Note
-------+----------+-------------------------------------------
     0 | D:1      | mike2R the Deep Elf Conjurer began the quest for the Orb.
     0 | D:1      | Reached XP level 1. HP: 10/10 MP: 6/6
   187 | D:1      | Reached XP level 2. HP: 15/15 MP: 6/8
   191 | D:1      | Learned a level 2 spell: Searing Ray
   283 | D:1      | Reached skill level 5 in Conjurations
   883 | D:2      | Reached XP level 3. HP: 19/19 MP: 3/9
   913 | D:2      | Found a deep blue altar of Sif Muna.
   916 | D:2      | Became a worshipper of Sif Muna the Loreminder
  1120 | D:2      | Found a hide-covered altar of Uskayaw.
  1170 | D:2      | Learned a level 3 spell: Dazzling Spray
  1401 | D:2      | Reached XP level 4. HP: 24/24 MP: 6/11
  1961 | D:3      | Noticed Ijyb
  1967 | D:3      | Reached skill level 6 in Conjurations
  2174 | D:3      | Found a faded altar of an unknown god.
  2248 | D:3      | Reached XP level 5. HP: 28/28 MP: 11/13
  2254 | D:3      | Learned a level 4 spell: Iskenderun's Mystic Blast
  2502 | D:3      | Killed Ijyb
  2815 | D:3      | Reached * piety under Sif Muna
  2997 | D:4      | Noticed Blork the orc
  3097 | D:3      | HP: 1/28 [something (2)]
  3098 | D:3      | Killed Blork the orc
  3098 | D:3      | Reached skill level 5 in Spellcasting
  3098 | D:3      | Reached skill level 7 in Conjurations
  3403 | D:3      | Learned a level 4 spell: Force Lance
  3462 | D:4      | Reached XP level 6. HP: 32/32 MP: 11/15
  3695 | D:4      | Noticed Natasha
  3698 | D:4      | Killed Natasha
  3728 | D:4      | Noticed Natasha
  3731 | D:4      | Killed Natasha
  3918 | D:4      | Noticed Edmund
  3938 | D:4      | Reached XP level 7. HP: 26/36 MP: 5/18
  4071 | D:4      | Noticed Natasha
  4134 | D:4      | Killed Natasha
  4134 | D:4      | Reached skill level 8 in Conjurations
  4191 | D:4      | Reached ** piety under Sif Muna
  4437 | D:4      | Killed Edmund
  4542 | D:4      | Learned a level 4 spell: Fulminant Prism
  4629 | D:4      | Reached skill level 9 in Conjurations
  4699 | D:4      | Reached skill level 1 in Hexes
  5050 | D:5      | Entered Level 5 of the Dungeon
  5422 | D:5      | Reached skill level 1 in Translocations
  5587 | D:5      | Reached XP level 8. HP: 41/41 MP: 12/19
  6420 | D:6      | Found a glowing drain.
  6466 | Sewer    | Entered a sewer
  6715 | Sewer    | Reached *** piety under Sif Muna
  6720 | Sewer    | Reached skill level 5 in Hexes
  6887 | Sewer    | Reached skill level 1 in Fighting
  7469 | D:6      | Noticed Prince Ribbit
  7470 | D:6      | Upgraded the game from 0.20.0-15-g7f486f2 to 0.20.1-1-g8b1a95d
  7476 | D:6      | Killed Prince Ribbit
  7543 | D:6      | Found a hazy altar of Hepliaklqana.
  7919 | D:6      | Reached XP level 9. HP: 48/52 MP: 16/20
  7946 | D:6      | Found a snail-covered altar of Cheibriados.
  7948 | D:6      | Found a radiant altar of Vehumet.
  8001 | D:6      | Found a sparkling altar of Nemelex Xobeh.
  8050 | D:6      | Found an iron altar of Okawaru.
  8104 | D:6      | Reached skill level 5 in Dodging
  8973 | D:7      | Noticed an angel
  8973 | D:7      | Found a shimmering altar of Xom.
  8974 | D:7      | Found a glowing silver altar of Zin.
  9040 | D:7      | Reached **** piety under Sif Muna
  9044 | D:7      | Reached skill level 10 in Conjurations
  9299 | D:7      | Found a flagged portal.
  9307 | Bailey   | Entered a bailey
  9436 | Bailey   | Reached skill level 11 in Conjurations
  9820 | Bailey   | Reached XP level 10. HP: 58/58 MP: 11/21
  9872 | Bailey   | Noticed an orc knight
  9881 | Bailey   | Noticed an orc warlord
 10253 | D:7      | Reached skill level 12 in Conjurations
 10334 | D:7      | Noticed Oddysee's ghost (novice MiFi)
 10372 | D:7      | Found a bloodstained altar of Trog.
 10385 | D:7      | Reached ***** piety under Sif Muna
 10411 | D:7      | Slain by a killer bee

Skill      XL: |  1  2  3  4  5  6  7  8  9 10 |
---------------+-------------------------------+-----
Conjurations   | 5 6 7 9 11 12 | 12.2
Spellcasting   | 4 5 6 |  6.6
Hexes          | 4 5 |  5.0
Translocations | 1 2 |  2.4
Fighting       | 4 |  4.5
Dodging        | 4 7 |  7.0
Stealth        | |  2.4

Action                   |  1- 3 |  4- 6 |  7- 9 | 10-12 || total
-------------------------+-------+-------+-------+-------++-------
Melee: Dagger            |     3 |       |       |       ||     3
       Short sword       |     5 |    13 |     3 |       ||    21
       Dire flail        |       |       |   102 |    23 ||   125
Throw: Tomahawk          |       |       |     5 |       ||     5
 Cast: Magic Dart        |    56 |    73 |   263 |    25 ||   417
       Searing Ray       |     4 |    12 |    17 |     2 ||    35
       Dazzling Spray    |       |     4 |     8 |       ||    12
       Iskenderun's Myst |       |       |    16 |     5 ||    21
       Fulminant Prism   |       |       |     9 |     4 ||    13
       Force Lance       |       |       |     1 |       ||     1
Evoke: Wand              |       |       |     1 |     2 ||     3
  Use: Potion            |     2 |     1 |     2 |     2 ||     7
       Scroll            |     2 |     6 |     9 |     3 ||    20
 Stab: Sleeping          |       |       |     1 |       ||     1
  Eat: Chunk             |     1 |     8 |    16 |     2 ||    27
       Meat ration       |       |       |     1 |       ||     1
Armor: Leather armour    |     5 |    11 |    32 |     5 ||    53
Dodge: Dodged            |    11 |    29 |   112 |    49 ||   201
